 Dungeon Crawl Stone Soup version 0.21-a0-51-gea492e9 (webtiles) character file.

210 Ijustatesigmund the Conjurer (level 5, -1/34 HPs)
             Began as an Octopode Wizard on June 12, 2017.
             Slain by smzp's ghost (5 damage)
             ... on level 5 of the Dungeon.
             The game lasted 00:12:19 (4099 turns).

Ijustatesigmund the Conjurer (Octopode Wizard)      Turns: 4099, Time: 00:12:20

Health: -1/34      AC:  1    Str:  6    XL:     5   Next: 88%
Magic:  10/10      EV: 13    Int: 20    God:
Gold:   236        SH:  0    Dex: 12    Spells: 8/11 levels left

rFire    . . .     SeeInvis .   f - +0 flail (crush)
rCold    . . .     Gourm    .   (no shield)
rNeg     . . .     Faith    .   a - +0 hat
rPois    .         Spirit   .   (no amulet)
rElec    .         Reflect  .   g - ring of resist corrosion
rCorr    +         Harm     .   (no ring)
MR       .....                  (no ring)
Stlth    +++.......             (no ring)
Regen    0.2/turn               (no ring)
MPRegen  0.2/turn               (no ring)
                                (no ring)
                                (no ring)

@: hasted, very quick
A: almost no armour, stealthy swim, amphibious, 8 rings, constrict 8, camouflage
1, gelatinous body 1
a: no special abilities


You were on level 5 of the Dungeon.
You were hungry.

You visited 1 branch of the dungeon, and saw 5 of its levels.

You collected 236 gold pieces.

Inventory:

Hand Weapons
 f - a +0 flail of crushing (weapon)
Armour
 a - a +0 hat (worn)
Jewellery
 g - a ring of resist corrosion (left tentacle)
Scrolls
 l - 3 scrolls of magic mapping
 n - 2 scrolls of teleportation
Potions
 d - a potion of lignification
 e - a potion of curing
 h - a potion of heal wounds
Books
 b - a book of Minor Magic

   Spells                             Type                      Level
   a - Magic Dart                     Conjuration                  1
   b - Blink                          Translocation                2
   c - Call Imp                       Summoning                    2
   d - Slow                           Hexes                        2
   e - Conjure Flame                  Conjuration/Fire             3
   f - Mephitic Cloud                 Conjuration/Poison/Air       3
Comestibles
 c - 3 bread rations
 i - 4 meat rations
 j - 3 fruits
 m - a royal jelly


   Skills:
 - Level 2.0 Fighting
 + Level 2.0 Dodging
 - Level 2.6 Stealth
 + Level 3.7 Spellcasting
 + Level 4.0 Conjurations
   Level 1.0 Summonings
 - Level 2.0 Translocations


You had 8 spell levels left.
You knew the following spells:

 Your Spells              Type           Power        Failure   Level  Hunger
a - Magic Dart            Conj           ###.         2%          1    None
b - Blink                 Tloc           N/A          9%          2    ##.....


Dungeon Overview and Level Annotations

Branches:
Dungeon (5/15)
 Temple: D:4-7

Altars:
Dithmenos
Okawaru
Uskayaw
Yredelemnul

Shops:
D:4 [

Annotations:
D:5 Eustachio; smzp's ghost, novice CeFi


Innate Abilities, Weirdness & Mutations

You cannot wear most types of armour.
You are very stealthy in the water. (Stealth+)
You are amphibious.
You can wear up to eight rings at the same time.
You can use your tentacles to constrict eight enemies at once.
Your skin changes colour to match your surroundings (Stealth+).
Your rubbery body absorbs attacks. (AC +1, EV +1)


Message History

Okay, then.
Okay, then.
All of the chunks of flesh in your inventory have rotted away.
Found 29 arrows.
Found a hand axe.
Found 12 stones.
Smzp's ghost (novice Centaur Fighter) comes into view.
It is wielding a weapon of freezing.
Found 11 gold pieces.
There is a stone staircase leading up here.
You start waiting.
You are feeling hungry.
Found a glowing dagger.
You see here a glowing dagger.
Found a whip.
Smzp's ghost hits you. Smzp's ghost freezes you.
You feel yourself speed up. Smzp's ghost hits you!!
Ouch! That really hurt!
* * * LOW HITPOINT WARNING * * *
Smzp's ghost freezes you.
You die...

#.# #.# #####.##
#......# #.###..#
#.###..# #.#....#
#.#.##)#
#@#.##.#####
#W.........#
#.......##.# ###
......##.##.####.##
##.##.##...........
#.##.....(.####.##
#.##.##.)..# ###
#.# .....#.#
$.W(...#


You could see smzp's ghost.

Vanquished Creatures
  2 orc wizards (D:1)
  An orc priest (D:3)
  5 adders
  An ooze (D:1)
  4 worms
  2 dart slugs (D:1)
  8 orcs
  2 giant cockroaches (D:2)
  7 goblins
  5 hobgoblins
  4 jackals (D:3)
  A quokka (D:2)
  A ball python (D:2)
  4 bats
  5 frilled lizards
  3 kobolds
  A leopard gecko skeleton (D:3)
  4 rats
60 creatures vanquished.

Notes
Turn   | Place    | Note
-------+----------+-------------------------------------------
     0 | D:1      | Ijustatesigmund the Octopode Wizard began the quest for the Orb.
     0 | D:1      | Reached XP level 1. HP: 11/11 MP: 4/4
   139 | D:1      | Reached skill level 2 in Conjurations
   139 | D:1      | Reached XP level 2. HP: 11/17 MP: 0/6
   261 | D:1      | Learned a level 2 spell: Blink
  1213 | D:2      | Reached XP level 3. HP: 21/21 MP: 0/7
  1316 | D:2      | Found a basalt altar of Yredelemnul.
  1318 | D:2      | Reached skill level 3 in Conjurations
  1572 | D:2      | Found a hide-covered altar of Uskayaw.
  1851 | D:2      | Reached XP level 4. HP: 18/27 MP: 1/8
  2120 | D:2      | Found a shadowy altar of Dithmenos.
  2310 | D:1      | Reached skill level 1 in Fighting
  2455 | D:1      | Reached XP level 5. HP: 14/33 MP: 2/10
  3123 | D:3      | Found an iron altar of Okawaru.
  3335 | D:3      | Reached skill level 4 in Conjurations
  3868 | D:4      | Found Umodd's Antique Armour Shoppe.
  3876 | D:4      | Noticed an ogre
  3879 | D:5      | Entered Level 5 of the Dungeon
  3934 | D:5      | Noticed Eustachio
  3990 | D:5      | Noticed smzp's ghost (novice CeFi)
  4099 | D:5      | Slain by smzp's ghost

Vault maps used:
D:1:      dpeg_arrival_rooms_b, st_stairs_6
D:2:      lemuel_round_altar, lemuel_crystal_altar, yredelemnul_altar_generic
D:3:      okawaru_trees_1, first_bread
D:4:      nicolae_ru_path_of_blood, serial_shops, shop, grunt_qazlal_sundering,
          uniq_sigmund
D:5:      elyvilon_altar_5, uniq_eustachio, uniq_menkaure, uniq_blork_the_orc

Skill      XL: |  1  2  3  4  5 |
---------------+----------------+-----
Conjurations   | 2 3 4 |  4.0
Fighting       | 1 2 |  2.0
Translocations | 2 |  2.0
Dodging        | |  2.0
Stealth        | |  2.6
Spellcasting   | |  3.7
Summonings     | |  1.0

Action                   |  1- 3 |  4- 6 || total
-------------------------+-------+-------++-------
Melee: Unarmed           |     5 |       ||     5
       Constrict         |     3 |     2 ||     5
       Tentacles         |     3 |       ||     3
       Mace              |    13 |     3 ||    16
       Morningstar       |       |     2 ||     2
       Flail             |       |     1 ||     1
 Cast: Magic Dart        |    79 |    95 ||   174
       Blink             |       |     1 ||     1
  Use: Scroll            |     4 |     7 ||    11
       Potion            |       |     2 ||     2
  Eat: Chunk             |     3 |     6 ||     9
Armor: Skin              |       |     2 ||     2
Dodge: Dodged            |    15 |    24 ||    39
